 Dungeon Crawl Stone Soup version 0.17.1-1-g73c8601 (webtiles) character file.

27484 Flanowski the Tortoise (level 13, 0/119 HPs)
             Began as a Minotaur Fighter on Jan 1, 2016.
             Was the Champion of Makhleb.
             Killed by divine providence
             ... invoked by an orc priest
              (10 damage)
             ... on level 4 of the Orcish Mines.
             The game lasted 00:40:09 (17439 turns).

Flanowski the Tortoise (Minotaur Fighter)          Turns: 17439, Time: 00:40:09

Health: 0/119      AC: 27    Str: 26      XL:     13   Next: 4%
Magic:  0/12       EV:  5    Int:  4 (5)  God:    Makhleb [******]
Gold:   1453       SH: 20    Dex: 10      Spells: 0 memorised, 12 levels left

rFire  + . .     SeeInvis .     F - +4 whip (flame)
rCold  + . .     Clarity  .     b - +1 gold dragon armour
rNeg   + . .     SustAt   .     Q - +0 large shield
rPois  +         Gourm    .     (helmet restricted)
rElec  .         Spirit   +     L - +2 cloak
rCorr  .         Warding  .     (no gloves)
rMut   .         Stasis   .     M - +0 pair of boots {Fly}
MR     .....                    B - amulet of guardian spirit
Stlth  ..........               z - ring of positive energy
                                E - +1 ring of protection

@: flying, not resistant to hostile enchantments, extremely unstealthy
A: retaliatory headbutt, horns 2
a: Minor Destruction, Lesser Servant of Makhleb, Major Destruction, Greater
Servant of Makhleb, Renounce Religion, Stop Flying


You were on level 4 of the Orcish Mines.
You worshipped Makhleb.
Makhleb was exalted by your worship.
You were hungry.

You visited 3 branches of the dungeon, and saw 16 of its levels.
You also visited: Ossuary.

You collected 2028 gold pieces.
You spent 575 gold pieces at shops.

Inventory:

Hand Weapons
 F - a +4 whip of flaming (weapon)
 W - a +1 flail of holy wrath
Armour
 b - a +1 gold dragon armour (worn)
 H - a +2 plate armour of cold resistance
 L - a +2 cloak (worn)
 M - a +0 pair of boots of flying (worn)
 Q - a +0 large shield (worn)
Jewellery
 c - an uncursed ring of magical power
 z - a ring of positive energy (right hand)
 B - an amulet of guardian spirit (around neck)
 E - a +1 ring of protection (left hand)
Wands
 k - a wand of paralysis (24)
 v - a wand of draining (7)
 J - a wand of magic darts (26)
 O - a wand of magic darts (27)
 U - a wand of confusion (28)
Scrolls
 h - 8 scrolls of remove curse
 j - a scroll of identify
 m - 2 scrolls of fog
 s - 2 scrolls of amnesia
 y - 4 scrolls of teleportation
 A - 2 scrolls of recharging
 T - a scroll of random uselessness {unknown}
Potions
 d - 2 potions of might
 f - a potion of cancellation
 g - 4 potions of lignification
 i - a potion of cure mutation
 l - 2 potions of degeneration
 q - 3 potions of poison
 r - a potion of haste
 t - 9 potions of curing
 x - a potion of heal wounds
 C - 3 potions of invisibility
 D - a potion of berserk rage {unknown}
 R - a potion of agility {unknown}
 S - a potion of resistance {unknown}
 Z - a potion of brilliance {unknown}
Books
 K - an Akashic Record

   Spells                             Type                      Level
   a - Dispersal                      Translocation                6
   b - Malign Gateway                 Summoning/Translocation      7
   c - Disjunction                    Translocation                8
   d - Controlled Blink               Translocation                8
 X - a book of the Sky

   Spells                             Type                      Level
   a - Summon Lightning Spire         Summoning/Air                4
   b - Airstrike                      Air                          4
   c - Silence                        Hexes/Air                    5
   d - Deflect Missiles               Charms/Air                   6
   e - Conjure Ball Lightning         Conjuration/Air              6
   f - Tornado                        Air                          9
 Y - a book of Unlife

   Spells                             Type                      Level
   a - Recall                         Summoning/Translocation      3
   b - Animate Dead                   Necromancy                   4
   c - Control Undead                 Necromancy                   4
   d - Cigotuvi's Embrace             Necromancy                   5
   e - Death Channel                  Necromancy                   6
   f - Simulacrum                     Ice/Necromancy               6
Comestibles
 a - 12 chunks of flesh
 e - 11 bread rations
 n - 7 meat rations
 o - 2 royal jellies
 w - 8 slices of pizza
 G - 5 beef jerkies


   Skills:
 * Level 12.7 Fighting
 + Level 10.1 Maces & Flails
 * Level 15.1 Armour
 + Level 4.3 Dodging
 + Level 0.8 Stealth
 + Level 13.9 Shields


You had 12 spell levels left.
You didn't know any spells.

Dungeon Overview and Level Annotations

Branches:
Dungeon (11/15)            Temple (1/1) D:5            Lair (0/8) D:9
    Orc (4/4) D:11            Elf (0/3) Orc:3

Altars:
Ashenzari
Cheibriados
Dithmenos
Elyvilon
Fedhas
Gozag
Kikubaaqudgha
Makhleb
Nemelex Xobeh
Qazlal
Ru
Sif Muna
Trog
Vehumet
Xom
Yredelemnul
Zin
The Shining One
Beogh

Shops:
D:9 %?%[

Annotations:
D:2 Sigmund


Innate Abilities, Weirdness & Mutations

You reflexively headbutt those who attack you in melee.
You have a pair of horns on your head.


Message History

The orc priest is almost dead.
You block the orc priest's attack.
You whack the orc priest! You burn the orc priest.
You kill the orc priest!
Makhleb accepts your kill.
You feel better.
You hit the orc priest. You burn the orc priest.
Your headbutt misses the orc priest.
The orc priest is moderately wounded.
You hit the ice devil but do no damage.
You headbutt the ice devil, but do no damage.
The orc priest calls down the wrath of Beogh upon you.
Something smites you!
* * * LOW HITPOINT WARNING * * *
The orc priest invokes the aid of Beogh against you.
Something smites you!
* * * LOW HITPOINT WARNING * * *
The orc priest calls down the wrath of Beogh upon you.
Something smites you!
You die...

##....#..............
###.)#.#.#.#.#.#.#.#
##....5.............
#...5oo.............
#.5.5o....oo........
##o#3#.#.#.#.#.#3#.#
##3##........4.....
#...##.............
#.@.####.........##
##..# ###.....###
##..# #######
#.########
##..#......
#.)))......
##)##...... #)#
#..... ... #....


You could see an ice devil, a neqoxec, 2 orc priests, a crimson imp, a shadow
imp and an ufetubus.

Vanquished Creatures
  Rupert (Orc:2)
  The ghost of kolansburg the Cleaver, a journeyman HOFi of Cheibriados (Orc:3)
  Erolcha (Orc:1)
  Harold (D:11)
  2 orc high priests
  An unseen horror (D:10)
  Pikel (D:4)
  3 orc knights
  11 hill giants (Orc:3)
  An orc sorcerer (Orc:3)
  A manticore (D:11)
  2 cyclopes
  Maurice (D:9)
  A redback zombie (D:11)
  2 trolls
  3 two-headed ogres
  8 yaks
  A trapdoor spider (D:11)
  2 wraiths
  A human (D:7)
  A hungry ghost (D:7)
  A hog (D:7)
  2 wolves (Orc:3)
  A hippogriff (D:5)
  6 wargs
  A water moccasin (D:6)
  An ice beast (D:8)
  2 black bears
  21 orc warriors
  12 ogres
  A wasp (D:10)
  6 centaurs
  A wyvern zombie (D:8)
  6 giant frogs
  6 killer bees (D:8)
  A wyvern skeleton (D:8)
  11 scorpions
  3 wights (D:8)
  4 hounds
  A giant frog zombie (D:8)
  A jelly (D:10)
  2 lava snakes (Orc:3)
  2 centaur zombies (Ossuary)
  5 crimson imps
  17 orc wizards
  5 human zombies (Ossuary)
  2 giant frog skeletons
  31 orc priests
  3 centaur skeletons
  8 worker ants
  Terence (D:3)
  4 iguanas
  2 sheep (D:7)
  2 big kobold zombies (Ossuary)
  A hound zombie (D:7)
  2 hound skeletons
  4 mummies
  A scorpion zombie (Ossuary)
  12 adders
  6 gnolls
  A shadow imp (D:10)
  An ooze (D:5)
  2 adder skeletons
  3 adder zombies
  4 worms
  5 giant geckos
  170 orcs
  3 giant cockroaches
  2 gnoll zombies (Ossuary)
  4 goblins
  8 hobgoblins
  13 jackals
  9 kobolds
  5 quokkas
  A ball python (D:3)
  9 bats
  A giant gecko skeleton (D:4)
  5 giant newts
  A goblin zombie (Ossuary)
  A hobgoblin zombie (Ossuary)
  2 kobold zombies (Ossuary)
  2 orc zombies (Ossuary)
  6 rats
  A rat zombie (D:4)
503 creatures vanquished.

Vanquished Creatures (others)
  2 worker ants (D:4)
  An adder (D:4)
  A worm (D:4)
  3 orcs
  2 plants (Orc:3)
9 creatures vanquished.

Grand Total: 512 creatures vanquished

Notes
Turn   | Place    | Note
--------------------------------------------------------------
     0 | D:1      | Flanowski the Minotaur Fighter began the quest for the Orb.
     0 | D:1      | Reached XP level 1. HP: 19/19 MP: 0/0
   143 | D:1      | Reached skill level 4 in Fighting
   211 | D:1      | Reached XP level 2. HP: 27/27 MP: 1/1
   867 | D:2      | Found a white marble altar of Elyvilon.
   996 | D:2      | Reached XP level 3. HP: 32/34 MP: 2/2
  1166 | D:2      | Noticed Sigmund
  2272 | D:3      | Found a faded altar to an unknown god.
  2565 | D:3      | Reached XP level 4. HP: 37/41 MP: 3/3
  2588 | D:3      | Noticed Terence
  2596 | D:3      | Killed Terence
  2906 | D:4      | Reached skill level 5 in Fighting
  2910 | D:4      | Reached XP level 5. HP: 22/48 MP: 4/4
  2919 | D:3      | Reached skill level 5 in Armour
  2919 | D:3      | Reached skill level 1 in Dodging
  3216 | D:4      | Found a sand-covered staircase.
  3296 | Ossuary  | Entered an ossuary
  3354 | Ossuary  | Reached XP level 6. HP: 35/56 MP: 5/5
  3488 | Ossuary  | Reached skill level 6 in Armour
  3509 | Ossuary  | Reached skill level 5 in Shields
  3637 | Ossuary  | Reached XP level 7. HP: 50/63 MP: 6/6
  4361 | Ossuary  | Reached skill level 7 in Armour
  4687 | D:4      | Reached XP level 8. HP: 67/73 MP: 5/7
  4720 | D:4      | Found a shimmering altar of Xom.
  4869 | D:4      | Noticed Pikel
  4869 | D:4      | Noticed a slave
  4869 | D:4      | Noticed a slave
  4869 | D:4      | Noticed a slave
  4873 | D:4      | Noticed a slave
  4896 | D:4      | Killed Pikel
  4896 | D:4      | Reached skill level 5 in Maces & Flails
  4896 | D:4      | Reached skill level 8 in Armour
  5284 | D:5      | Entered Level 5 of the Dungeon
  5493 | D:5      | Found a glowing golden altar of the Shining One.
  5665 | D:5      | Found a staircase to the Ecumenical Temple.
  5671 | Temple   | Entered the Ecumenical Temple
  5732 | Temple   | Became a worshipper of Makhleb the Destroyer
  5926 | D:5      | Reached XP level 9. HP: 68/82 MP: 6/8
  6456 | D:6      | Found an opulent altar of Gozag.
  6550 | D:6      | Reached skill level 9 in Armour
  6552 | D:6      | Reached * piety under Makhleb
  7659 | D:7      | Reached skill level 10 in Armour
  8038 | D:7      | Found a sparkling altar of Nemelex Xobeh.
  8093 | D:7      | Reached skill level 11 in Armour
  8093 | D:7      | Reached XP level 10. HP: 91/91 MP: 9/9
  8241 | D:8      | Reached ** piety under Makhleb
  8468 | D:8      | Found a bloodstained altar of Trog.
  9558 | D:9      | Found a radiant altar of Vehumet.
  9594 | D:9      | Found Amyhist's Food Emporium.
  9603 | D:9      | Bought a bread ration for 70 gold pieces
  9603 | D:9      | Bought a bread ration for 70 gold pieces
  9603 | D:9      | Bought a bread ration for 70 gold pieces
  9603 | D:9      | Bought a bread ration for 70 gold pieces
  9603 | D:9      | Bought a bread ration for 70 gold pieces
  9603 | D:9      | Bought a meat ration for 70 gold pieces
  9603 | D:9      | Bought a meat ration for 70 gold pieces
  9607 | D:9      | Noticed Maurice
  9608 | D:9      | Found Kuiny's Antique Armour Boutique.
  9805 | D:9      | Killed Maurice
  9828 | D:9      | Bought a pair of glowing boots for 85 gold pieces
  9879 | D:9      | Reached *** piety under Makhleb
  9903 | D:9      | Found Iwnek's Magic Scroll Shoppe.
  9921 | D:9      | Found Jauqei's Food Boutique.
  9953 | D:9      | Found a shattered altar of Ashenzari.
  9990 | D:9      | Reached skill level 10 in Fighting
 10102 | D:9      | Found a sacrificial altar of Ru.
 10123 | D:9      | Found a staircase to the Lair.
 10151 | D:9      | Found a snail-covered altar of Cheibriados.
 10199 | D:9      | Reached skill level 12 in Armour
 10249 | D:9      | Found a shadowy altar of Dithmenos.
 10249 | D:9      | Found a basalt altar of Yredelemnul.
 10260 | D:10     | Entered Level 10 of the Dungeon
 11567 | D:10     | Reached **** piety under Makhleb
 11836 | D:10     | Killed an unseen horror
 11836 | D:10     | Reached XP level 11. HP: 84/101 MP: 8/10
 11961 | D:11     | Reached skill level 13 in Armour
 12223 | D:11     | Reached skill level 10 in Shields
 12483 | D:11     | Found a staircase to the Orcish Mines.
 12536 | Orc:1    | Entered Level 1 of the Orcish Mines
 12536 | Orc:1    | Noticed Harold
 12756 | D:11     | Killed Harold
 12806 | Orc:1    | Reached ***** piety under Makhleb
 12838 | Orc:1    | Found a roughly hewn altar of Beogh.
 13043 | Orc:1    | Noticed Erolcha
 13043 | Orc:1    | Paralysed by Erolcha for 3 turns
 13047 | Orc:1    | Paralysed by Erolcha for 6 turns
 13076 | Orc:1    | Killed Erolcha
 13768 | Orc:2    | Noticed Rupert
 14208 | Orc:2    | Killed Rupert
 14208 | Orc:2    | Reached skill level 14 in Armour
 14638 | Orc:2    | Found a roughly hewn altar of Beogh.
 14789 | Orc:3    | Noticed kolansburg's ghost (journeyman HOFi)
 14845 | Orc:3    | Killed kolansburg's ghost
 14845 | Orc:3    | Reached XP level 12. HP: 61/110 MP: 9/11
 15146 | Orc:3    | Reached ****** piety under Makhleb
 15416 | Orc:3    | Found a staircase to the Elven Halls.
 15457 | Orc:3    | Noticed an orc high priest
 15529 | Orc:3    | Killed an orc high priest
 15563 | Orc:3    | Noticed a hill giant
 15565 | Orc:3    | Noticed a hill giant
 15566 | Orc:3    | Noticed a hill giant
 15567 | Orc:3    | Noticed a hill giant
 15567 | Orc:3    | Noticed a hill giant
 15568 | Orc:3    | Noticed a hill giant
 15581 | Orc:3    | Killed a hill giant
 15748 | Orc:3    | Killed a hill giant
 16061 | Orc:3    | Killed a hill giant
 16093 | Orc:3    | Killed a hill giant
 16125 | Orc:3    | Killed a hill giant
 16162 | Orc:3    | Killed a hill giant
 16176 | Orc:3    | Paralysed by an orc sorcerer for 2 turns
 16189 | Orc:3    | Noticed a hill giant
 16195 | Orc:3    | Noticed a hill giant
 16212 | Orc:3    | Killed a hill giant
 16221 | Orc:3    | Killed a hill giant
 16221 | Orc:3    | Reached skill level 15 in Armour
 16427 | Orc:3    | Noticed a hill giant
 16427 | Orc:3    | Noticed a hill giant
 16427 | Orc:3    | Noticed a hill giant
 16438 | Orc:3    | Killed a hill giant
 16449 | Orc:3    | Killed a hill giant
 16453 | Orc:3    | Noticed a hill giant
 16454 | Orc:3    | Noticed a fire giant
 16460 | Orc:3    | Killed a hill giant
 16792 | Orc:4    | Entered Level 4 of the Orcish Mines
 17168 | Orc:4    | Reached skill level 10 in Maces & Flails
 17399 | Orc:4    | Reached XP level 13. HP: 66/119 MP: 7/12
 17439 | Orc:4    | Killed from afar by an orc priest

Action                   |  1- 3 |  4- 6 |  7- 9 | 10-12 | 13-15 || total
-------------------------+-------+-------+-------+-------+-------++-------
Melee: Flail             |   118 |   119 |   155 |       |       ||   392
       Whip              |       |       |   277 |  1537 |    38 ||  1852
  Use: Scroll            |       |       |    12 |    21 |       ||    33
       Potion            |       |       |       |     9 |       ||     9
  Eat: Chunk             |     1 |     3 |     6 |    25 |       ||    35
       Bread ration      |     1 |       |     2 |     2 |       ||     5
